 Dungeon Crawl Stone Soup version 0.28-a0-845-gfc338a8e3c (webtiles) character file.

Game seed: 1826055082674463542

480 spiderkeys the Skirmisher (level 7, 0/60 HPs)
             Began as a Ghoul Abyssal Knight on Nov 12, 2021.
             Was a Believer of Lugonu.
             Slain by a necrophage (3 damage)
             ... on level 4 of the Dungeon.
             The game lasted 00:07:38 (3066 turns).

spiderkeys the Skirmisher (Ghoul Abyssal Knight)    Turns: 3066, Time: 00:07:38

Health: 0/60       AC: 12    Str: 18 (19) XL:     7   Next: 11%
Magic:  9/9        EV:  5    Int:  4 (5)  God:    Lugonu [**....]
Gold:   186        SH:  0    Dex:  7 (9)  Spells: 6/6 levels left

rFire   . . .      SeeInvis .     - Unarmed
rCold   + . .      Faith    .   (no shield)
rNeg    + + +      Spirit   .   d - +0 plate armour
rPois   ∞          Reflect  .   (no helmet)
rElec   .          Harm     .   o - +0 cloak
rCorr   .          Rampage  .   (no gloves)
Will    .....                   (no boots)
Stlth   ..........              (no amulet)
HPRegen 0.00/turn               (no ring)
MPRegen 0.11/turn               (no ring)

@: brilliant, inhibited regen
A: claws 1, cold resistance 1, negative energy resistance 3, inhibited
regeneration, torment resistance 2
a: Renounce Religion, Depart the Abyss, Bend Space


You were on level 4 of the Dungeon.
You worshipped Lugonu.
Lugonu was pleased with you.
You visited 1 branch of the dungeon, and saw 4 of its levels.
You visited the Abyss 1 time.

You collected 186 gold pieces.


Innate Abilities, Weirdness & Mutations

You thrive by killing the living.
You are immune to poison.
You have sharp fingernails.
Your flesh is cold resistant. (rC+)
You are immune to negative energy. (rN+++)
You do not regenerate when monsters are visible.
You are immune to unholy pain and torment.


   Skills:
 + Level 4.9 Fighting
 + Level 3.4 Armour
 - Level 0.8 Dodging
 + Level 4.2 Unarmed Combat
 + Level 4.1 Invocations
 - Level 2.1 Evocations


You had 6 spell levels left.
You didn't know any spells.
Your spell library contained the following spells:

 Spells                   Type           Power      Damage    Failure   Level
 Summon Hydra             Summ           0%         N/A       100%        7
 Sublimation of Blood     Necr           Unusable   N/A       N/A         2
 Wereblood                Tmut           Unusable   N/A       N/A         2

Inventory:

Missiles
 a - 21 bolts
 e - 59 stones
 k - 2 boomerangs
 m - 10 sling bullets
Armour
 d - a +0 plate armour (worn)
   (You found it on level 3 of the Abyss)
 o - a +0 cloak (worn)
   (You found it on level 3 of the Dungeon)
Jewellery
 Z - a ring of wizardry
   (You found it on level 1 of the Dungeon)
Wands
 b - a wand of flame (11)
   (You took it off Ijyb on level 3 of the Dungeon)
Scrolls
 g - 2 scrolls of noise {!r}
 n - a scroll of vulnerability {!r!r}
Miscellaneous
 c - a phantom mirror (inert)
   (You found it on level 2 of the Abyss)

Dungeon Overview and Level Annotations

Branches:
Dungeon (4/15)
 Temple: D:4-7

Altars:

Shops:
D:1 =

Annotations:
D:3 3 runed translucent doors, Thraspic's ghost, amateur MiWn; sojurn's ghost, amateur MiBe; spiderkeys's ghost, amateur TeAK

############
#...[.##.....
######.............
#gZ.oo............[
#o###..............
#o###.............! #
#{S##..............
..##@##S.............
...#n##gZ............
....K............[...
....#...#...[.....<..
........#....#.......
...)..#.#####........
....#..#.###..!#..?...
#.##.#........####.....
# #.##..#### #.#...


You could see a necrophage, an adder, 2 orcs, a goblin and a kobold.


Message History

You barely miss the adder. The orc hits you with a +0 mace.
* * * LOW HITPOINT WARNING * * *
The adder bites you.
* * * LOW HITPOINT WARNING * * *
😨 HP[-3]
You take 3 damage, and now have 18/60 hp.
You scratch the kobold.
You kill the kobold!
Lugonu accepts your kill.
You can now bend space around yourself.
You feel better. The orc hits you with a +0 mace.
* * * LOW HITPOINT WARNING * * *
The adder bites you but does no damage. 😨 HP[+2]
You regained 2 hp, and now have 20/60 hp.
You scratch the hound. You claw the hound!
The hound bites you but does no damage. The orc hits you but does no damage.
The adder bites you.
* * * LOW HITPOINT WARNING * * *
The hound bites you.
* * * LOW HITPOINT WARNING * * *
😱 HP[-5]
You take 5 damage, and now have 15/60 hp.
You scratch the hound. The hound bites you but does no damage.
The adder closely misses you. The orc hits you with a +0 mace.
* * * LOW HITPOINT WARNING * * *
😱 HP[-1]
You take 1 damage, and now have 14/60 hp.
You scratch the hound. The hound bites you but does no damage.
The adder bites you but does no damage. The orc hits you but does no damage.
The hound bites you but does no damage.
The orc wizard gestures wildly while chanting.
The orc wizard flickers and vanishes!
You scratch the hound. The adder bites you but does no damage.
The hound completely misses you. The orc hits you but does no damage.
The adder bites you but does no damage.
Unknown command.
You scratch the hound but do no damage. The hound barely misses you.
The adder bites you.
* * * LOW HITPOINT WARNING * * *
You closely miss the hound. The hound bites you but does no damage.
The adder bites you but does no damage. The hound bites you but does no damage.
You closely miss the hound. Something hits you but does no damage.
The adder bites you.
* * * LOW HITPOINT WARNING * * *
The hound bites you but does no damage.
Unknown command.
You closely miss the hound. The hound barely misses you. The adder bites you.
* * * LOW HITPOINT WARNING * * *
Something hits you but does no damage.
You miss the hound. The hound bites you.
* * * LOW HITPOINT WARNING * * *
The adder barely misses you. Something hits you but does no damage.
The hound bites you but does no damage.
You closely miss the hound. The adder bites you.
* * * LOW HITPOINT WARNING * * *
The hound bites you but does no damage. Something hits you but does no damage.
The adder closely misses you.
Unknown command.
You scratch the hound.
You kill the hound!
Lugonu accepts your kill. Something hits you.
* * * LOW HITPOINT WARNING * * *
The adder bites you.
* * * LOW HITPOINT WARNING * * *
The ball python bites you but does no damage.
The ball python grabs you.
The ball python constricts you. 😱 HP[-11]
You take 11 damage, and now have 3/60 hp.
You closely miss the ball python. The adder bites you but does no damage.
Something hits you but does no damage.
The ball python bites you but does no damage.
The ball python constricts you.
You scratch the ball python.
You kill the ball python!
Lugonu accepts your kill.
You feel better. The adder bites you but does no damage.
Something hits you but does no damage. 😱 HP[+4]
You regained 4 hp, and now have 7/60 hp.
You closely miss the necrophage. The adder bites you but does no damage.
The necrophage hits you but does no damage.
Something hits you but does no damage.
Unknown command.
You scratch the necrophage. The adder bites you.
* * * LOW HITPOINT WARNING * * *
The necrophage hits you.
* * * LOW HITPOINT WARNING * * *
Something hits you but does no damage. The adder barely misses you. 😱 HP[-4]
You take 4 damage, and now have 3/60 hp.
You claw the necrophage!
You hear the brisk rusting of a very distant drain.
The necrophage hits you but does no damage.
The adder bites you but does no damage. Something hits you but does no damage.
You barely miss the necrophage. The adder barely misses you.
The necrophage hits you.
You die...

Skill      XL: |  1  2  3  4  5  6 |
---------------+-------------------+-----
Armour         | 2 3 |  3.4
Fighting       | 4 |  4.9
Unarmed Combat | 3 4 |  4.2
Invocations    | 3 4 |  4.1
Evocations     | 1 2 |  2.1
Dodging        | |  0.8

Action                   |  1- 3 |  4- 6 |  7- 9 || total
-------------------------+-------+-------+-------++-------
Melee: Unarmed           |       |   219 |    44 ||   263
       Punch             |       |     1 |     2 ||     3
Invok: Depart the Abyss  |       |     1 |       ||     1
Evoke: Wand              |     6 |     1 |       ||     7
       Phantom mirror    |     1 |     1 |       ||     2
  Use: Scroll            |       |     2 |     1 ||     3
       Potion            |       |       |     5 ||     5
Armor: Plate armour      |       |   146 |   100 ||   246
       Leather armour    |       |     3 |       ||     3
Dodge: Dodged            |       |    68 |    23 ||    91

Levels and vault maps discovered:
D:1:      erik_arrival_cave_to_civilisation [erik_arrival_cave_to_hall],
          layout_loops_ring, chequers_ecumenical_altar_island, serial_shops,
          shop, minmay_liquid_box
D:2:      layout_basic
D:3:      layout_loops_ring, gammafunk_ghost_cemetery, uniq_ijyb
D:4:      layout_rooms, portal_sewer_entry_d

Notes
Turn   | Place    | Note
-------+----------+-------------------------------------------
     0 | Abyss:1  | spiderkeys the Ghoul Abyssal Knight began the quest for the
                  | Orb.
     0 | Abyss:1  | Reached XP level 1. HP: 19/19 MP: 1/1
     0 | Abyss:1  | magus.rc [v1.9.10]
    63 | Abyss:3  | Noticed a small abomination
    68 | Abyss:3  | Killed a small abomination
    69 | Abyss:3  | Reached skill level 2 in Armour
    69 | Abyss:3  | Reached XP level 2. HP: 26/26 MP: 2/2
    69 | Abyss:3  | Reached XP level 3. HP: 31/31 MP: 3/3
    77 | Abyss:3  | Noticed a large abomination
    83 | Abyss:3  | Killed a large abomination
    84 | Abyss:3  | Reached skill level 4 in Fighting
    84 | Abyss:3  | Reached skill level 3 in Unarmed Combat
    84 | Abyss:3  | Reached skill level 3 in Invocations
    84 | Abyss:3  | Reached skill level 1 in Evocations
    84 | Abyss:3  | Reached XP level 4. HP: 40/40 MP: 3/5
    84 | Abyss:3  | Reached XP level 5. HP: 46/46 MP: 3/6
    97 | Abyss:3  | Noticed a small abomination
   102 | Abyss:3  | Noticed a ynoxinul
   107 | Abyss:3  | Noticed a green draconian
   113 | D:1      | You pass through the gate.
   113 | D:1      | Escaped the Abyss
   489 | D:1      | Found a faded altar of an unknown god.
   507 | D:1      | Reached * piety under Lugonu
   788 | D:1      | Found Zijievo's Jewellery Shoppe.
  1107 | D:2      | You pick up a book of Blood and begin reading...
  1216 | D:2      | HP: 10/46 [orc wizard/magic dart (8)]
  1225 | D:2      | Reached skill level 2 in Evocations
  1480 | D:2      | Reached XP level 6. HP: 38/52 MP: 7/7
  1932 | D:3      | Found a runed translucent gate.
  1933 | D:3      | Found a runed translucent gate.
  1933 | D:3      | Found a runed translucent gate.
  1933 | D:3      | Noticed sojurn's ghost (amateur MiBe)
  1933 | D:3      | Noticed spiderkeys's ghost (amateur TeAK)
  1933 | D:3      | Noticed Thraspic's ghost (amateur MiWn)
  2085 | D:3      | Reached ** piety under Lugonu
  2219 | D:3      | Reached skill level 3 in Armour
  2329 | D:3      | Noticed Ijyb
  2341 | D:3      | Killed Ijyb
  2662 | D:4      | Noticed a necrophage
  2693 | D:3      | Killed a necrophage
  2694 | D:3      | Reached skill level 4 in Unarmed Combat
  2694 | D:3      | Reached skill level 4 in Invocations
  2696 | D:3      | Reached XP level 7. HP: 25/60 MP: 7/9
  3050 | D:4      | HP: 15/60 [hound (4)]
  3056 | D:4      | HP: 12/60 [adder (1)]
  3059 | D:4      | HP: 5/60 [adder (1)]
  3064 | D:4      | HP: 6/60 [adder (1)]
  3066 | D:4      | Slain by a necrophage

Vanquished Creatures
  A necrophage (D:3)
  A hound (D:4)
  A jelly (D:3)
  A small abomination (Abyss:3)
  Ijyb (D:3)
  2 orc wizards
  4 adders
  A white imp (D:4)
  A worm (D:2)
  A dart slug (D:3)
  9 orcs
  An endoplasm (D:2)
  5 giant cockroaches
  4 goblins
  6 hobgoblins
  3 quokkas
  8 ball pythons
  2 bats
  A frilled lizard (D:2)
  3 kobolds
  4 rats
60 creatures vanquished.

Vanquished Creatures (collateral kills)
  A large abomination (Abyss:3)
1 creature vanquished.

Grand Total: 61 creatures vanquished

Table legend:
 A = Non-vault XP
 B = Vault XP
 C = Vault XP percentage of total XP
 D = Non-vault monster count
 E = Vault monster count
 F = Vault count percentage of total count
                 A         B        C        D         E       F
            +---------+---------+-------+---------+---------+-------
      Total |     646 |      40 |   5.8 |      58 |       3 |   4.9
            +---------+---------+-------+---------+---------+-------
        D:1 |      25 |       4 |  13.8 |      14 |       2 |  12.5
        D:2 |      79 |       0 |   0.0 |      16 |       0 |   0.0
        D:3 |     249 |      36 |  12.6 |      18 |       1 |   5.3
        D:4 |      79 |       0 |   0.0 |       8 |       0 |   0.0
    Abyss:3 |     214 |       0 |   0.0 |       2 |       0 |   0.0
            +---------+---------+-------+---------+---------+-------

Illustrated notes

Table legend:
 A = Kills in this place as a percentage of kills in entire the game.
 B = Kills by you in this place as a percentage of kills by you in the entire game.
 C = Kills by friends in this place as a percentage of kills by friends in the entire game.
 D = Other kills in this place as a percentage of other kills in the entire game.
 E = Experience gained in this place as a percentage of experience gained in the entire game.
 F = Experience gained in this place divided by the number of levels of this place that you have seen.
                   A       B       C       D       E      F
               +-------+-------+-------+-------+-------+----------------------
         Total | 100.0 | 100.0 | 100.0 |   N/A | 100.0 |  98.0
       Dungeon |  96.7 |  98.3 |   0.0 |   N/A |  68.8 | 118.0
         Abyss |   3.3 |   1.7 | 100.0 |   N/A |  31.2 |  71.3
               +-------+-------+-------+-------+-------+----------------------

Table legend: (Time is in decaauts)
 A = Elapsed time spent in this place.
 B = Non-inter-level travel time spent in this place.
 C = Inter-level travel time spent in this place.
 D = Time resting spent in this place.
 E = Time spent auto-exploring this place.
 F = Levels seen in this place.
 G = Mean time per level.
                   A        B        C        D        E       F      G
               +--------+--------+--------+--------+--------+-----+--------+
         Total |   3053 |   2890 |    163 |    171 |   2072 |   7 |  436.1 |
       Dungeon |   2941 |   2778 |    163 |    171 |   2071 |   4 |  735.2 |
         Abyss |    112 |    112 |      0 |      0 |      1 |   3 |   37.3 |
               +--------+--------+--------+--------+--------+-----+--------+

Top non-repeatable levels by time:
     D:3: 1088 daAuts
     D:1: 980 daAuts
     D:2: 737 daAuts
     D:4: 135 daAuts
 Abyss:3: 60 daAuts
 Abyss:2: 29 daAuts
 Abyss:1: 22 daAuts
